 Dungeon Crawl Stone Soup version 0.30-a0-772-g5528072125 (webtiles) character file.

Game seed: 5093637938913047499

256 porpoise the Sneak (level 6, 0/44 HPs)
             Began as a Gnoll Enchanter on Feb 13, 2023.
             Succumbed to Ijyb's poison
             ... on level 4 of the Dungeon.
             The game lasted 00:14:36 (3472 turns).

porpoise the Sneak (Gnoll Enchanter)                Turns: 3472, Time: 00:14:36

Health: 0/44       AC:  9    Str: 10    XL:     6   Next: 15%
Magic:  9/14       EV: 18    Int: 16    God:
Gold:   78         SH:  4    Dex: 13    Spells: 7/15 levels left

rFire   + . .      SeeInvis .    a - +1 dagger
rCold   . . .      Faith    .    u - +0 buckler
rNeg    . . .      Spirit   .    w - +2 robe {rF+}
rPois   .          Reflect  .    q - +4 helmet of Ossicsih {Str+3}
rElec   .          Harm     .    (no cloak)
rCorr   .          Rampage  .    (no gloves)
Will    +....                    (no boots)
Stlth   +++                      (no amulet)
HPRegen 0.27/turn                b - +5 ring of evasion
MPRegen 0.14/turn                A - ring of willpower

@: mighty, lethally poisoned (0 -> -7)
A: fangs 1, strong nose, distributed training
a: no special abilities


You were on level 4 of the Dungeon.
You visited 1 branch of the dungeon, and saw 4 of its levels.

You collected 78 gold pieces.

Inventory:

Hand Weapons
 a - a +1 dagger (weapon)
Missiles
 f - 6 poisoned darts (quivered)
Armour
 q - the +4 helmet of Ossicsih (worn) {Str+3}
   (You found it on level 2 of the Dungeon)

   Str:       It affects your strength (+3).
 u - a +0 buckler (worn)
 w - a +2 robe of fire resistance (worn)
Magical Staves
 g - a staff of poison
Jewellery
 b - a +5 ring of evasion (left hand)
 A - a ring of willpower (right hand)
Scrolls
 d - 2 scrolls of identify
 h - a scroll of enchant weapon {unknown}
 i - a scroll of torment {unknown}
 j - a scroll of fear {unknown}
 l - 3 scrolls of teleportation
 o - a scroll of summoning {unknown}
 p - a scroll of fog {unknown}
 s - a scroll of blinking {unknown}
 t - a scroll of brand weapon {unknown}
 y - a scroll of vulnerability {unknown}
 B - a scroll of immolation {unknown}
Potions
 c - 2 potions of invisibility
 e - a potion of cancellation
 k - 3 potions of lignification
 n - a potion of magic
 v - 3 potions of brilliance
 x - a potion of flight
 z - a potion of haste


   Skills:
 + Level 1.9 Fighting
 + Level 3.2 Short Blades
 + Level 1.9 Long Blades
 + Level 1.9 Axes
 + Level 1.9 Maces & Flails
 + Level 1.9 Polearms
 + Level 1.9 Staves
 + Level 1.9 Ranged Weapons
 + Level 1.9 Throwing
 + Level 1.9 Armour
 + Level 5.0 Dodging
 + Level 6.3 Stealth
 + Level 1.9 Shields
 + Level 1.9 Unarmed Combat
 + Level 5.3 Spellcasting
 + Level 1.5 Conjurations
 + Level 5.6 Hexes
 + Level 1.5 Summonings
 + Level 1.5 Necromancy
 + Level 1.5 Translocations
 + Level 1.5 Transmutations
 + Level 1.5 Fire Magic
 + Level 1.5 Ice Magic
 + Level 1.5 Air Magic
 + Level 1.5 Earth Magic
 + Level 1.5 Poison Magic
 + Level 2.1 Invocations
 + Level 1.9 Evocations


You had 7 spell levels left.
You knew the following spells:

 Your Spells              Type           Power      Damage    Failure   Level
a - Confusing Touch       Hex            22%        N/A       5%          3
e - Ensorcelled Hibernat  Hex/Ice        30%        N/A       7%          2
t - Tukima's Dance        Hex            22%        N/A       5%          3

Your spell library contained the following spells:

 Spells                   Type           Power      Damage    Failure   Level
 Slow                     Hex            88%        N/A       1%          1
 Beastly Appendage        Tmut           18%        N/A       11%         1
 Dazzling Flash           Conj/Hex       30%        N/A       13%         3
 Inner Flame              Hex/Fire       15%        N/A       13%         3
 Cigotuvi's Dreadful Rot  Necr/Pois/Air  18%        N/A       16%         2
 Poisonous Vapours        Pois/Air       18%        N/A       16%         2
 Wereblood                Tmut           9%         N/A       16%         2
 Mephitic Cloud           Conj/Pois/Air  9%         N/A       30%         3
 Spider Form              Tmut/Pois      9%         N/A       30%         3
 Vampiric Draining        Necr           9%         2d6       30%         3
 Flame Wave               Conj/Fire      9%         2d6       71%         4
 Sticky Flame             Conj/Fire      9%         2d3       71%         4


Dungeon Overview and Level Annotations

Branches:
Dungeon (4/15)
 Temple: D:4-7

Altars:
Elyvilon
Sif Muna

Annotations:
D:4 Ijyb


Innate Abilities, Weirdness & Mutations

You have very sharp teeth.
Your uncanny sense of smell can sniff out nearby items.
Your experience applies equally to all skills.


Message History

Casting: Confusing Touch (dangerous; 5% risk of failure)
Confirm with . or Enter, or press ? or * to list all spells.
Your hands begin to glow red.
Ijyb zaps a wand.
The roots erupt in riotous growth!
The grasping roots grab you!
Ijyb is unaffected.
The grasping roots constrict you.
You hit Ijyb but do no damage.
Ijyb appears confused.
You bite Ijyb, but do no damage. You hit Ijyb but do no damage.
Ijyb hits you with a +2 dagger of venom.
You are poisoned.
The grasping roots constrict you.
You barely miss Ijyb.
You feel sick. Ijyb hits you but does no damage.
You are more poisoned.
The grasping roots constrict you.
The grasping roots release their grip on you.
You hit Ijyb. You bite Ijyb.
Ijyb is lightly wounded.
* * * LOW HITPOINT WARNING * * *
You feel very sick.
You hit Ijyb but do no damage. You bite Ijyb, but do no damage.
Ijyb is lightly wounded.
* * * LOW HITPOINT WARNING * * *
You feel sick. Ijyb misses you.
You feel very mighty all of a sudden.
* * * LOW HITPOINT WARNING * * *
You feel sick.
You hit Ijyb.
Ijyb is moderately wounded.
* * * LOW HITPOINT WARNING * * *
You feel sick. Ijyb hits you but does no damage.
You are lethally poisoned!
You puncture Ijyb! Your bite misses Ijyb.
Ijyb is severely wounded.
* * * LOW HITPOINT WARNING * * *
You feel very sick.
* * * LOW HITPOINT WARNING * * *
You feel sick.
Ijyb screams, "Me still stronger!
You very nasty!"
You die...

.. ...# #.
...# ##.
#...# #..
#...# #..
#..#
#..####..##
#...g.....#
∆
#..<@.....#
#>........#
##......###
########


You could see Ijyb (confused).

Vanquished Creatures
  A phantom (D:3)
  A scorpion (D:4)
  Jessica (D:3)
  3 adders
  A worm (D:3)
  3 dart slugs
  2 orcs (D:3)
  11 bats
  2 endoplasms
  2 giant cockroaches
  3 hobgoblins
  4 jackals (D:2)
  A quokka (D:1)
  3 ball pythons
  6 goblins
  9 kobolds
  4 rats
57 creatures vanquished.

Notes
Turn   | Place    | Note
-------+----------+-------------------------------------------
     0 | D:1      | porpoise the Gnoll Enchanter began the quest for the Orb.
     0 | D:1      | Reached XP level 1. HP: 13/13 MP: 6/6
   160 | D:1      | You fall into a shaft and drop 1 floor!
   380 | D:1      | Reached XP level 2. HP: 19/19 MP: 7/7
   483 | D:1      | Learned a level 2 spell: Ensorcelled Hibernation
   902 | D:1      | Found a faded altar of an unknown god.
  1045 | D:2      | Reached skill level 6 in Stealth
  1045 | D:2      | Reached skill level 5 in Spellcasting
  1045 | D:2      | Reached XP level 3. HP: 2/25 MP: 4/9
  1142 | D:2      | Learned a level 3 spell: Confusing Touch
  1146 | D:2      | Learned a level 3 spell: Tukima's Dance
  1396 | D:2      | Reached skill level 1 in Invocations
  1522 | D:2      | Identified the +4 helmet of Ossicsih {Str+3}
  2024 | D:2      | Reached skill level 1 in Fighting
  2024 | D:2      | Reached skill level 1 in Long Blades
  2024 | D:2      | Reached skill level 1 in Axes
  2024 | D:2      | Reached skill level 1 in Maces & Flails
  2024 | D:2      | Reached skill level 1 in Polearms
  2024 | D:2      | Reached skill level 1 in Staves
  2024 | D:2      | Reached skill level 1 in Ranged Weapons
  2024 | D:2      | Reached skill level 1 in Throwing
  2024 | D:2      | Reached skill level 1 in Armour
  2024 | D:2      | Reached skill level 1 in Shields
  2024 | D:2      | Reached skill level 1 in Unarmed Combat
  2024 | D:2      | Reached skill level 1 in Evocations
  2383 | D:3      | Reached XP level 4. HP: 32/32 MP: 11/11
  2520 | D:3      | Noticed Jessica
  2533 | D:3      | Killed Jessica
  2534 | D:3      | Reached skill level 1 in Conjurations
  2534 | D:3      | Reached skill level 1 in Summonings
  2534 | D:3      | Reached skill level 1 in Necromancy
  2534 | D:3      | Reached skill level 1 in Translocations
  2534 | D:3      | Reached skill level 1 in Transmutations
  2534 | D:3      | Reached skill level 1 in Fire Magic
  2534 | D:3      | Reached skill level 1 in Ice Magic
  2534 | D:3      | Reached skill level 1 in Air Magic
  2534 | D:3      | Reached skill level 1 in Earth Magic
  2534 | D:3      | Reached skill level 1 in Poison Magic
  2559 | D:3      | Found a shimmering blue altar of Sif Muna.
  2619 | D:3      | Found a white marble altar of Elyvilon.
  2920 | D:3      | Noticed a phantom
  2960 | D:3      | Killed a phantom
  2961 | D:3      | Reached XP level 5. HP: 33/37 MP: 10/12
  3439 | D:4      | Noticed Ijyb
  3444 | D:4      | Reached skill level 5 in Dodging
  3444 | D:4      | Reached XP level 6. HP: 44/44 MP: 11/14
  3471 | D:4      | HP: 2/44 [poisoned by Ijyb]
  3472 | D:4      | Succumbed to Ijyb's poison

Illustrated notes

Levels and vault maps discovered:
D:1:      scummos_arrival_simple_fountains, layout_basic,
          hellmonk_ecumenical_altar_defaced_shrine, minivault_27,
          chequers_serial_rivers_room_b
D:2:      layout_basic, minivault_24
D:3:      layout_basic, lemuel_doored_altar, tgw_sif, kennysheep_potato
D:4:      layout_gridville, lemuel_round_altar, kiku_gazebo_garden_becter,
          serial_shops, nicolae_shop_behind_doors, uniq_ijyb

Skill      XL: |  1  2  3  4  5 |
---------------+----------------+-----
Stealth        | 6 |  6.3
Spellcasting   | 5 |  5.3
Invocations    | 1 2 |  2.1
Fighting       | 1 |  1.9
Long Blades    | 1 |  1.9
Axes           | 1 |  1.9
Maces & Flails | 1 |  1.9
Polearms       | 1 |  1.9
Staves         | 1 |  1.9
Ranged Weapons | 1 |  1.9
Throwing       | 1 |  1.9
Armour         | 1 |  1.9
Shields        | 1 |  1.9
Unarmed Combat | 1 |  1.9
Evocations     | 1 |  1.9
Conjurations   | 1 |  1.5
Summonings     | 1 |  1.5
Necromancy     | 1 |  1.5
Translocations | 1 |  1.5
Transmutations | 1 |  1.5
Fire Magic     | 1 |  1.5
Ice Magic      | 1 |  1.5
Air Magic      | 1 |  1.5
Earth Magic    | 1 |  1.5
Poison Magic   | 1 |  1.5
Short Blades   | 3 |  3.2
Dodging        | 5 |  5.0
Hexes          | |  5.6

Action                     |  1- 3 |  4- 6 || total
---------------------------+-------+-------++-------
  Melee: Dagger            |    87 |    73 ||   160
         Bite              |     5 |    13 ||    18
   Cast: Ensorcelled Hiber |    24 |     5 ||    29
         Confusing Touch   |       |     7 ||     7
    Use: Scroll            |     6 |     3 ||     9
         Potion            |     2 |     3 ||     5
   Stab: Sleeping          |    27 |    10 ||    37
         Confused          |       |     4 ||     4
 Armour: Robe              |    11 |    11 ||    22
  Dodge: Dodged            |    60 |    32 ||    92
  Block: Buckler           |       |    11 ||    11

Table legend: (Time is in decaauts)
 A = Elapsed time spent in this place.
 B = Non-inter-level travel time spent in this place.
 C = Inter-level travel time spent in this place.
 D = Time resting spent in this place.
 E = Time spent auto-exploring this place.
 F = Levels seen in this place.
 G = Mean time per level.
                   A        B        C        D        E       F      G
               +--------+--------+--------+--------+--------+-----+--------+
         Total |   3458 |   3396 |     62 |    667 |   2006 |   4 |  864.5 |
       Dungeon |   3458 |   3396 |     62 |    667 |   2006 |   4 |  864.5 |
               +--------+--------+--------+--------+--------+-----+--------+

Top non-repeatable levels by time:
     D:2: 1430 daAuts
     D:3: 1130 daAuts
     D:1: 866 daAuts
     D:4: 31 daAuts
